 Dungeon Crawl Stone Soup version 0.31-a0-1620-gcbf77bbcfc (webtiles) character file.

Game seed: 1469945788557772121

1284 Newt the Spear-Bearer (level 8, -2/60 HPs)
             Began as a Merfolk Gladiator on Jan 11, 2024.
             Slain by an ice beast (13 damage)
             ... on level 6 of the Dungeon.
             The game lasted 00:05:12 (4720 turns).

Newt the Spear-Bearer (Merfolk Gladiator)           Turns: 4720, Time: 00:05:12

Health: -2/60      AC:  4    Str: 14    XL:     8   Next: 55%
Magic:  14/14      EV: 14    Int:  7    God:
Gold:   303        SH:  0    Dex: 16    Spells: 12/15 levels left

rFire   . . .        t - +1 trident (venom)
rCold   . . .        (no shield)
rNeg    . . .        b - +0 leather armour
rPois   +            c - +0 helmet
rElec   .            (no cloak)
rCorr   .            (no gloves)
SInv    .            (no boots)
Will    +....        q - amulet of magic regeneration
Stlth   ++           p - ring of poison resistance
HPRegen 0.30/turn    (no ring)
MPRegen 0.54/turn

%: no passive effects
@: no status effects
A: (nimble swimmer 2), mertail, strong-willed 1, weak 1
a: no special abilities


You were on level 6 of the Dungeon.
You visited 1 branch of the dungeon, and saw 6 of its levels.

You collected 303 gold pieces.

Inventory:

Hand Weapons
 a - a +0 trident of flaming
 t - a +1 trident of venom (weapon)
Missiles
 e - a javelin
Armour
 b - a +0 leather armour (worn)
 c - a +0 helmet (worn)
Jewellery
 p - a ring of poison resistance (left hand)
 q - an amulet of magic regeneration (around neck)
Wands
 i - a wand of roots (16)
 k - a wand of flame (12)
 o - a wand of charming (5)
Scrolls
 u - a scroll of teleportation
Potions
 f - a potion of mutation
 g - a potion of berserk rage
 h - a potion of resistance
 j - 2 potions of lignification {unknown}
 l - 2 potions of degeneration {unknown}
 m - 3 potions of haste
 n - 2 potions of enlightenment {unknown}
 r - a potion of might
 s - a potion of cancellation


   Skills:
 - Level 4.0 Fighting
 - Level 8.0 Polearms
 - Level 2.0 Throwing
 - Level 5.0 Dodging
 - Level 3.0 Stealth
 + Level 4.4 Spellcasting
 + Level 4.8 Summonings


You had 12 spell levels left.
You knew the following spells:

 Your Spells              Type           Power      Damage    Failure   Level
a - Call Canine Familiar  Summ           8%         N/A       16%         3

Your spell library contained the following spells:

 Spells                   Type           Power      Damage    Failure   Level
 Summon Small Mammal      Summ           32%        N/A       5%          1
 Summon Blazeheart Golem  Fire/Summ      4%         N/A       80%         4


Dungeon Overview and Level Annotations

Branches:
Dungeon (6/15)
 Temple: D:4-7

Altars:
Cheibriados
Elyvilon
Xom


Innate Abilities, Weirdness & Mutations

((You are very nimble when in or above water. (Stealth+, EV+, Speed+++)))
Your lower body shifts to a powerful aquatic tail in water.
You are strong-willed. (Will+)
You are weak. (Str -2)


Message History

The black bear claws you but does no damage.
The ice beast struggles against the net.
You hit the black bear.
The black bear looks as sick as possible!
The black bear is heavily wounded.
The black bear bites you.
* * * LOW HITPOINT WARNING * * *
The black bear misses you. The black bear claws you.
* * * LOW HITPOINT WARNING * * *
The ice beast struggles against the net.
You puncture the black bear!
The black bear looks as sick as possible!
The black bear is severely wounded.
Unknown command.
You completely miss the black bear.
The black bear is severely wounded.
The black bear goes berserk!
The ice beast struggles against the net.
Unknown command.
You puncture the black bear!
You kill the black bear!
The ice beast struggles against the net.
Unknown command.
The ice beast struggles against the net.
The net rips apart, and the ice beast comes free!
The ice beast attacks as it pursues you!
The ice beast hits you but does no damage.
You puncture the ice beast!
The ice beast is poisoned.
The ice beast is moderately wounded.
The ice beast closely misses you.
You puncture the ice beast!
The ice beast looks as sick as possible!
The ice beast is severely wounded.
The ice beast hits you but does no damage.
You hit the ice beast but do no damage.
The ice beast is severely wounded.
The ice beast hits you.
* * * LOW HITPOINT WARNING * * *
The ice beast freezes you!
You die...

# ###....#........
#...##...............
.............).......
...##................. #
#..................
#..................
#.....................
........###..#..........
##.###.#####@.#...##.....
.. .. #..#
#..Y........... .. #..
#....#......... .. ..
#.##........... ..
l#.#...)........ ..
................. ..
#..#.#...$)...... ..
##.#............. ..
.........#......


You could see an ice beast (extremely poisoned).

Vanquished Creatures
  2 black bears
  An orc warrior (D:4)
  An ogre (D:5)
  A phantom (D:6)
  4 scorpions
  A howler monkey (D:5)
  3 jellies
  2 orc priests
  A gnoll bouda (D:5)
  A sleepcap (D:4)
  2 iguanas
  2 orc wizards (D:5)
  8 gnolls
  11 adders
  2 ufetubi (D:5)
  3 dart slugs
  A ribbon worm (D:2)
  10 orcs
  8 ball pythons
  13 endoplasms
  6 giant cockroaches
  3 goblins
  2 hobgoblins
  6 jackals
  7 kobolds
  3 quokkas
  6 bats
  A frilled lizard (D:2)
  5 rats
116 creatures vanquished.

Notes
Turn   | Place    | Note
-------+----------+-------------------------------------------
     0 | D:1      | Newt the Merfolk Gladiator began the quest for the Orb.
     0 | D:1      | Reached XP level 1. HP: 16/16 MP: 1/1
   122 | D:1      | Reached XP level 2. HP: 23/23 MP: 2/2
   513 | D:1      | Reached XP level 3. HP: 25/30 MP: 3/3
   995 | D:2      | Reached XP level 4. HP: 20/37 MP: 4/4
  1088 | D:2      | Reached skill level 5 in Polearms
  1167 | D:2      | Found a snail-covered altar of Cheibriados.
  1778 | D:3      | Reached skill level 6 in Polearms
  1778 | D:3      | Reached XP level 5. HP: 23/42 MP: 5/5
  2096 | D:3      | Found a shimmering altar of Xom.
  2463 | D:4      | Reached skill level 7 in Polearms
  2463 | D:4      | Reached XP level 6. HP: 30/48 MP: 6/6
  2687 | D:4      | Found a white marble altar of Elyvilon.
  2809 | D:4      | Noticed an orc warrior
  2828 | D:4      | Killed an orc warrior
  2829 | D:4      | Reached skill level 8 in Polearms
  2829 | D:4      | Reached skill level 5 in Dodging
  2915 | D:4      | Reached skill level 1 in Stealth
  3306 | D:5      | Entered Level 5 of the Dungeon
  3338 | D:5      | Reached XP level 7. HP: 27/54 MP: 6/8
  3453 | D:5      | Reached skill level 1 in Spellcasting
  3453 | D:5      | Reached skill level 1 in Summonings
  3545 | D:5      | Gained mutation: You are frail. (-10% HP) [potion of
                  | mutation]
  3545 | D:5      | Gained mutation: You possess an exceptional clarity of
                  | mind. [potion of mutation]
  3546 | D:5      | Lost mutation: You are frail. (-10% HP) [potion of
                  | mutation]
  3546 | D:5      | Lost mutation: You possess an exceptional clarity of mind.
                  | [potion of mutation]
  3546 | D:5      | Gained mutation: You are strong-willed. (Will+) [potion of
                  | mutation]
  3546 | D:5      | Gained mutation: You are weak. (Str -2) [potion of
                  | mutation]
  3618 | D:5      | HP: 1/54 [gnoll/+0 flail[a gnoll bouda] (7)]
  4120 | D:5      | Reached XP level 8. HP: 60/60 MP: 12/12
  4141 | D:5      | Learned a level 3 spell: Call Canine Familiar
  4720 | D:6      | Slain by an ice beast

Illustrated notes

Levels and vault maps discovered:
D:1:      tarquinn_simple_flora_water_f, layout_loops_ring
D:2:      layout_loops_ring, basic_altar, minmay_misc_feat_room
D:3:      layout_basic, marbit_many_paths
D:4:      layout_basic, mainiacjoe_overflow_24_doors
D:5:      layout_basic
D:6:      layout_cave_pools

Skill      XL: |  1  2  3  4  5  6  7  8 |
---------------+-------------------------+-----
Fighting       | 3 4 |  4.0
Polearms       | 6 7 8 |  8.0
Dodging        | 5 |  5.0
Stealth        | 3 |  3.0
Spellcasting   | 3 4 |  4.4
Summonings     | 3 4 |  4.8
Throwing       | |  2.0

Action                     |  1- 3 |  4- 6 |  7- 9 || total
---------------------------+-------+-------+-------++-------
  Melee: Trident           |    88 |   142 |   150 ||   380
         Punch             |     1 |     1 |     3 ||     5
  Throw: Throwing net      |       |     1 |     5 ||     6
    Use: Scroll            |     2 |     4 |     3 ||     9
         Potion            |       |       |     3 ||     3
   Stab: Distracted        |     1 |     1 |     1 ||     3
         Sleeping          |     3 |     1 |     2 ||     6
         Held in net/web   |       |       |     3 ||     3
 Armour: Leather armour    |    30 |    65 |    87 ||   182
  Dodge: Dodged            |    41 |    74 |    60 ||   175

Table legend: (Time is in decaauts)
 A = Elapsed time spent in this place.
 B = Non-inter-level travel time spent in this place.
 C = Inter-level travel time spent in this place.
 D = Time resting spent in this place.
 E = Time spent auto-exploring this place.
 F = Levels seen in this place.
 G = Mean time per level.
                   A        B        C        D        E       F      G
               +--------+--------+--------+--------+--------+-----+--------+
         Total |   4684 |   4560 |    124 |    919 |   2886 |   6 |  780.7 |
       Dungeon |   4684 |   4560 |    124 |    919 |   2886 |   6 |  780.7 |
               +--------+--------+--------+--------+--------+-----+--------+

Top non-repeatable levels by time:
     D:5: 1261 daAuts
     D:2: 953 daAuts
     D:4: 949 daAuts
     D:1: 729 daAuts
     D:3: 675 daAuts
     D:6: 115 daAuts
